 Dungeon Crawl Stone Soup version 0.28.0-49-g6dfe1f597d (webtiles) character file.

Game seed: 13470718387651397622

63 Kniotic the Insei (level 3, -4/26 HPs)
             Began as a Demonspawn Transmuter on May 10, 2022.
             Slain by Crazy Yiuf
             ... wielding a +2 quarterstaff of chaos
              (14 damage)
             ... on level 2 of the Dungeon.
             The game lasted 00:01:34 (2263 turns).

Kniotic the Insei (Demonspawn Transmuter)           Turns: 2263, Time: 00:01:34

Health: -4/26      AC:  2    Str: 10    XL:     3   Next: 89%
Magic:  5/6        EV: 14    Int: 14    God:
Gold:   95         SH:  0    Dex: 15    Spells: 3/6 levels left

rFire   . . .      SeeInvis .     - Unarmed
rCold   . . .      Faith    .   (no shield)
rNeg    . . .      Spirit   .   a - +0 robe
rPois   .          Reflect  .   (helmet currently unavailable)
rElec   .          Harm     .   (no cloak)
rCorr   .          Rampage  .   (no gloves)
Will    .....                   (boots currently unavailable)
Stlth   +.........              (no amulet)
HPRegen 0.08/turn               (no ring)
MPRegen 0.10/turn               (no ring)

@: appendages (expiring)
A: horns 2, talons 2, repulsion field 1
a: End Transformation


You were on level 2 of the Dungeon.
You had temporarily grown beastly horns and talons.
You visited 1 branch of the dungeon, and saw 2 of its levels.

You collected 95 gold pieces.

Inventory:

Missiles
 l - 4 poisoned darts
Armour
 a - a +0 robe (worn)
Scrolls
 c - a scroll of identify {unknown}
 d - a scroll of immolation {unknown}
 e - a scroll of silence {unknown}
 f - a scroll of enchant armour {unknown}
 h - 3 scrolls of teleportation {unknown}
 i - a scroll of fog {unknown}
 j - a scroll of enchant weapon {unknown}
Potions
 b - a potion of invisibility {unknown}
 g - a potion of mutation {unknown}
 k - a potion of might {unknown}
 m - 2 potions of heal wounds {unknown}


   Skills:
 - Level 1.0 Fighting
 - Level 1.7 Dodging
 * Level 4.0 Unarmed Combat
 - Level 2.0 Spellcasting
 + Level 2.5 Transmutations


You had 3 spell levels left.
You knew the following spells:

 Your Spells              Type           Power      Damage    Failure   Level
a - Beastly Appendage     Tmut           16%        N/A       9%          1
b - Wereblood             Tmut           8%         N/A       13%         2

Your spell library contained the following spells:

 Spells                   Type           Power      Damage    Failure   Level
 Spider Form              Tmut/Pois      4%         N/A       38%         3
 Dazzling Flash           Conj/Hex       2%         N/A       56%         3
 Ice Form                 Ice/Tmut       4%         N/A       80%         4
 Agony                    Necr           1%         N/A       100%        5
 Silence                  Hex/Air        0%         N/A       100%        5


Dungeon Overview and Level Annotations

Branches:
Dungeon (2/15)

Altars:
Okawaru

Shops:
D:2 (

Annotations:
D:2 Crazy Yiuf


Innate Abilities, Weirdness & Mutations

You have temporarily grown beastly horns and talons.
You are surrounded by a mild repulsion field. (EV +2)


Message History

There is an open door here.
There is an open door here.
Found 4 boomerangs.
No target in view!
No target in view!
No target in view!
No target in view!
m - 2 white potions
Found a faded altar of an unknown god.
No target in view!
You see here a +0 club.
You open the door.
There is an open door here.
There is an open door here.
Key pressed, stopping explore.
Crazy Yiuf shouts!
Crazy Yiuf says, "Goober meccalolo ragdoll!"
Could not explore, unopened runed door.
Could not explore, unopened runed door.
Memorise Wereblood, consuming 2 spell levels and leaving 3? [Y]es or [N]o only, please.
Memorise Wereblood, consuming 2 spell levels and leaving 3?
You start memorising the spell.
You continue memorising. x2
You finish memorising.
Spell assigned to 'b'.
Casting: Beastly Appendage (safe; 9% risk of failure)
Confirm with . or Enter, or press ? or * to list all spells.
You grow a pair of large bovine horns.
Your feet morph into talons.
You open the door. You barely miss Crazy Yiuf. You claw Crazy Yiuf.
Crazy Yiuf is moderately wounded.
Crazy Yiuf misses you.
You hit Crazy Yiuf but do no damage. Your kick misses Crazy Yiuf.
You punch Crazy Yiuf.
Crazy Yiuf is heavily wounded.
Your transformation is almost over.
Crazy Yiuf hits you with a +2 quarterstaff of chaos!
Ouch! That really hurt!
You are electrocuted!
Ouch! That really hurt!
You die...

.##.#.#.# #.#......#.##.###
....#.#.#########.#...........#..
.#............................#.#
.##.#....################.......#
......#.## ##.##.### ........##
##.##.#.. .........# ###
####...#.#.# ........## #)..###
##......#.#.# .........#
#...g@####.P.......... ##########
#...##..#.P......#.... ###
###.#....#..#.#.. ###
########..#.#.# #.# #........
#.################........
######.....#..............#.##.
###..........#..............#....
.............#............>.#####


You could see Crazy Yiuf.

Vanquished Creatures
  A hound (D:2)
  2 ball pythons
  3 bats (D:1)
  2 endoplasms (D:1)
  3 giant cockroaches
  5 goblins
  2 hobgoblins
  5 kobolds (D:1)
  2 quokkas
  3 frilled lizards
  3 rats
31 creatures vanquished.

Notes
Turn   | Place    | Note
-------+----------+-------------------------------------------
     0 | D:1      | Kniotic the Demonspawn Transmuter began the quest for the
                  | Orb.
     0 | D:1      | Reached XP level 1. HP: 15/15 MP: 3/3
   326 | D:1      | Reached skill level 3 in Unarmed Combat
   393 | D:1      | Gained mutation: You are surrounded by a mild repulsion
                  | field. (EV +2) [demonic ancestry]
   393 | D:1      | Reached XP level 2. HP: 20/21 MP: 5/5
  1391 | D:2      | Found an iron altar of Okawaru.
  1417 | D:2      | Found Nonwu's Antique Weapon Boutique.
  1464 | D:2      | Reached XP level 3. HP: 21/26 MP: 6/6
  1842 | D:2      | Reached skill level 4 in Unarmed Combat
  2025 | D:2      | Found a runed translucent door.
  2026 | D:2      | Noticed Crazy Yiuf
  2130 | D:2      | Found a faded altar of an unknown god.
  2260 | D:2      | Learned a level 2 spell: Wereblood
  2263 | D:2      | Slain by Crazy Yiuf

Illustrated notes

Levels and vault maps discovered:
D:1:      dpeg_arrival_short_road, layout_loops_ring, minmay_fountain_box
D:2:      layout_basic, basic_altar, serial_shops, nicolae_shop_hallway_stairs,
          shapermc_ecumenical_altar_mp_urbaneastern,
          chequers_serial_rivers_micro_c, uniq_crazy_yiuf_cottage

Skill      XL: |  1  2  3 |
---------------+----------+-----
Unarmed Combat | 3 4 |  4.0
Transmutations | 2 |  2.5
Fighting       | |  1.0
Dodging        | |  1.7
Spellcasting   | |  2.0

Action                   || total
-------------------------++-------
Melee: Unarmed           ||   111
       Kick              ||     5
       Headbutt          ||     1
       Punch             ||     4
 Cast: Beastly Appendage ||     3
 Stab: Sleeping          ||     1
Armor: Robe              ||    16
Dodge: Dodged            ||    73
